 Dungeon Crawl Stone Soup version 0.21-a0-351-g38363bb (webtiles) character file.

11 Dfrag the Firebug (level 2, 0/19 HPs)
             Began as a Demonspawn Fire Elementalist on Oct 9, 2017.
             Slain by a leopard gecko (3 damage)
             ... on level 1 of the Dungeon.
             The game lasted 00:00:32 (235 turns).

Dfrag the Firebug (Demonspawn Fire Elementalist)     Turns: 235, Time: 00:00:32

Health: 0/19       AC:  4    Str:  8    XL:     2   Next: 13%
Magic:  0/5        EV: 12    Int: 16    God:
Gold:   10         SH:  0    Dex: 13    Spells: 4/5 levels left

rFire    . . .     SeeInvis .   (no weapon)
rCold    . . .     Gourm    .   (no shield)
rNeg     . . .     Faith    .   a - +0 robe
rPois    .         Spirit   .   (no helmet)
rElec    .         Reflect  .   (no cloak)
rCorr    .         Harm     .   (no gloves)
MR       .....                  (no boots)
Stlth    ++........             (no amulet)
HPRegen  0.06/turn              (no ring)
MPRegen  0.09/turn              (no ring)

@: very slightly contaminated
A: icy blue scales 1
a: no special abilities


You were on level 1 of the Dungeon.
You were not hungry.

You visited 1 branch of the dungeon, and saw 1 of its levels.

You collected 10 gold pieces.

Inventory:

Armour
 a - a +0 robe (worn)
Scrolls
 d - a scroll of amnesia {unknown}
Books
 b - a book of Flames

   Spells                             Type                      Level
   a - Flame Tongue                   Conjuration/Fire             1
   b - Throw Flame                    Conjuration/Fire             2
   c - Conjure Flame                  Conjuration/Fire             3
   d - Inner Flame                    Hexes/Fire                   3
   e - Sticky Flame                   Conjuration/Fire             4
   f - Fireball                       Conjuration/Fire             5
Comestibles
 c - a bread ration
 f - a chunk of flesh
 g - a meat ration


   Skills:
 - Level 1.7 Dodging
 - Level 1.7 Stealth
 + Level 2.2 Spellcasting
 + Level 1.4 Conjurations
 + Level 2.9 Fire Magic


You had 4 spell levels left.
You knew the following spells:

 Your Spells              Type           Power        Failure   Level  Hunger
a - Flame Tongue          Conj/Fire      #....        9%          1    #......


Dungeon Overview and Level Annotations

Branches:
Dungeon (1/15)

Altars:


Innate Abilities, Weirdness & Mutations

You are partially covered in icy blue scales. (AC +2)


Message History

You barely miss the leopard gecko. The leopard gecko closely misses you.
You closely miss the leopard gecko.
The leopard gecko hisses menacingly.
The leopard gecko bites you.
You barely miss the leopard gecko. The leopard gecko bites you.
You miss the leopard gecko. The leopard gecko closely misses you.
The leopard gecko bites you but does no damage.
You miss the leopard gecko. The leopard gecko barely misses you.
You barely miss the leopard gecko. The leopard gecko closely misses you.
You miss the leopard gecko. The leopard gecko closely misses you.
You closely miss the leopard gecko. The leopard gecko bites you.
* * * LOW HITPOINT WARNING * * *
Casting: Flame Tongue
Confirm with . or Enter, or press ? or * to list all spells.
Aiming: Flame Tongue
Press: ? - help, Shift-Dir - straight line, f/p - leopard gecko
Aim: a leopard gecko (clinging)
The flame tongue misses the leopard gecko.
The leopard gecko bites you.
You die...

#...##...##.##
##.##. #.#
#...###.## ##.###.
#
#........###......
#.#.####..........
###.#..#
#..#....###
..###.# #.....#.#
# ###.#.##
#.###.#.### #.##
#.......... #@#
#####.#####
#.l...# #.#
....###.# .#####
#.... ... .##...
..... ### #.##
##.## #. # # # # #


You could see a leopard gecko.

Vanquished Creatures
  A bat (D:1)
  A goblin (D:1)
  A hobgoblin (D:1)
  3 jackals (D:1)
  A frilled lizard (D:1)
  3 rats (D:1)
10 creatures vanquished.

Notes
Turn   | Place    | Note
-------+----------+-------------------------------------------
     0 | D:1      | Dfrag the Demonspawn Fire Elementalist began the quest for the Orb.
     0 | D:1      | Reached XP level 1. HP: 13/13 MP: 3/3
   200 | D:1      | Gained mutation: You are partially covered in icy blue scales. (AC +2) [demonic ancestry]
   200 | D:1      | Reached XP level 2. HP: 11/19 MP: 3/5
   235 | D:1      | Slain by a leopard gecko

Vault maps used:
D:1:      elethiomel_arrival_maze

Action                   || total
-------------------------++-------
Melee: Unarmed           ||    33
 Cast: Flame Tongue      ||    15
 Stab: Sleeping          ||     1
Armor: Robe              ||     9
Dodge: Dodged            ||    27

Table legend:
 A = Spawn XP
 B = Non-spawn XP
 C = Spawn XP percentage of total XP
 D = Spawn monster count
 E = Non-spawn monster count
 F = Spawn count percentage of total count
 G = Total turns spent on level
                    A         B        C        D         E        F      G
               +---------+---------+-------+---------+---------+-------+---------
         Total |       0 |      16 |   0.0 |       0 |      10 |   0.0 |   235
               +---------+---------+-------+---------+---------+-------+---------
           D:1 |       0 |      16 |   0.0 |       0 |      10 |   0.0 |   235
               +---------+---------+-------+---------+---------+-------+---------
